 Dungeon Crawl Stone Soup version 0.19.0-17-g07987d3 (webtiles) character file.

495 tv1990 the Bolt Thrower (level 7, -1/53 HPs)
             Began as a Formicid Arcane Marksman on Nov 10, 2016.
             Was a Follower of Okawaru.
             Succumbed to a worker ant's poison
             ... on level 5 of the Dungeon.
             The game lasted 00:09:51 (3216 turns).

tv1990 the Bolt Thrower (Formicid Arcane Marksman)  Turns: 3216, Time: 00:09:51

Health: -1/53      AC:  9    Str: 15    XL:     7   Next: 38%
Magic:  8/8        EV:  7    Int: 13    God:    Okawaru [*.....]
Gold:   174        SH:  5    Dex: 12    Spells: 1 memorised, 7 levels left

rFire  . . .     SeeInvis +     a - +0 hand crossbow
rCold  . . .     Gourm    .     i - +0 chain mail
rNeg   . . .     Faith    .     (no shield)
rPois  .         Spirit   .     (helmet unavailable)
rElec  .         Reflect  +     (no cloak)
rCorr  .         Harm     .     (no gloves)
MR     .....                    (no boots)
Stlth  ..........               g - +5 amulet of reflection
                                (no ring)
                                (no ring)

@: lethally poisoned (-1 -> -13)
A: permanent stasis, dig shafts and tunnels, four strong arms, antennae 3
a: Dig, Shaft Self, Heroism, Renounce Religion


You were on level 5 of the Dungeon.
You worshipped Okawaru.
Okawaru was aware of your devotion.
You were not hungry.

You visited 1 branch of the dungeon, and saw 5 of its levels.

You collected 174 gold pieces.

Inventory:

Hand Weapons
 a - a +0 hand crossbow (weapon)
 h - a +0 mace
 o - a +0 whip
 r - a +0 quarterstaff
 u - a -3 falchion
Missiles
 d - 44 bolts (quivered)
Armour
 e - a +0 robe
 i - a +0 chain mail (worn)
 n - a +0 leather armour
 q - a +0 ring mail
Jewellery
 g - a +5 amulet of reflection (around neck)
Scrolls
 b - 2 scrolls of recharging
 j - 2 scrolls of identify
 m - 2 scrolls of immolation
 p - a scroll of blinking
 t - a scroll of fear {unknown}
Potions
 v - a potion of cancellation {unknown}
Books
 c - a book of Debilitation

   Spells                             Type                      Level
   a - Corona                         Hexes                        1
   b - Slow                           Hexes                        2
   c - Gell's Gravitas                Hexes/Translocation          3
   d - Inner Flame                    Hexes/Fire                   3
   e - Cause Fear                     Hexes                        4
   f - Leda's Liquefaction            Hexes/Earth                  4
Comestibles
 f - 3 bread rations
 k - a beef jerky
 s - 2 meat rations
 w - 6 chunks of flesh


   Skills:
 + Level 3.9 Fighting
 * Level 5.3 Crossbows
 + Level 3.5 Armour
 - Level 1.7 Dodging
 - Level 1.1 Spellcasting
 - Level 3.6 Hexes
 + Level 1.7 Invocations


You had 7 spell levels left.
You knew the following spells:

 Your Spells              Type           Power        Failure   Level  Hunger
a - Corona                Hex            ##.....      97%         1    ##.....


Dungeon Overview and Level Annotations

Branches:
Dungeon (5/15)
 Temple: D:4-7

Altars:
Ashenzari
Fedhas
Okawaru
Trog

Annotations:
D:4 Menkaure


Innate Abilities, Weirdness & Mutations

You are under a permanent stasis effect.
You can dig through walls and to a lower floor.
Your four strong arms can wield two-handed weapons with a shield.
You have a pair of large antennae on your head. (SInv)


Message History

There is a stone staircase leading down here.
You block the worker ant's attack.
You climb downwards.
There is a stone staircase leading up here.
Firing (i - inventory):
d - 46 bolts (quivered)
Press: ? - help, Shift-Dir - straight line, f - worker ant
Aim: a worker ant (severely wounded)
You shoot a bolt. The bolt closely misses the worker ant.
The worker ant bites you.
* * * LOW HITPOINT WARNING * * *
You are poisoned.
The worker ant poisons you! The worker ant bites you.
* * * LOW HITPOINT WARNING * * *
You are more poisoned.
The worker ant poisons you!
Firing (i - inventory):
d - 45 bolts (quivered)
Press: ? - help, Shift-Dir - straight line, f/p - worker ant
Aim: a worker ant (severely wounded)
You shoot a bolt. The bolt barely misses the worker ant.
You die...

######
.....
#...#
#(..#
#.a.#
#..@#
#.###
#


You could see a worker ant.

Vanquished Creatures
  A phantom (D:4)
  A scorpion (D:4)
  A bullfrog zombie (D:4)
  A hound (D:4)
  3 orc priests
  2 orc wizards
  An iguana (D:3)
  A worker ant (D:4)
  An adder (D:2)
  An ooze (D:1)
  A worm (D:4)
  2 leopard geckos
  14 orcs
  A ball python (D:4)
  8 giant cockroaches
  9 goblins
  9 hobgoblins
  6 jackals
  2 quokkas (D:2)
  10 bats
  2 frilled lizards
  4 kobolds
  7 rats
88 creatures vanquished.

Vanquished Creatures (others)
  A kobold (D:2)
1 creature vanquished.

Grand Total: 89 creatures vanquished

Notes
Turn   | Place    | Note
-------+----------+-------------------------------------------
     0 | D:1      | tv1990 the Formicid Arcane Marksman began the quest for the Orb.
     0 | D:1      | Reached XP level 1. HP: 15/15 MP: 2/2
   158 | D:1      | Reached XP level 2. HP: 21/21 MP: 3/3
   300 | D:1      | Reached skill level 1 in Armour
   535 | D:1      | Reached XP level 3. HP: 26/26 MP: 4/4
  1165 | D:2      | Reached skill level 3 in Crossbows
  1218 | D:2      | Reached XP level 4. HP: 33/33 MP: 5/5
  1762 | D:2      | Reached XP level 5. HP: 22/39 MP: 6/6
  2093 | D:3      | Reached skill level 4 in Crossbows
  2204 | D:3      | Reached XP level 6. HP: 47/47 MP: 7/7
  2233 | D:3      | Found a faded altar of an unknown god.
  2467 | D:3      | Found a blossoming altar of Fedhas.
  2500 | D:3      | Found a shattered altar of Ashenzari.
  2682 | D:3      | Found an iron altar of Okawaru.
  2686 | D:3      | Became a worshipper of Warmaster Okawaru
  2692 | D:3      | Found a bloodstained altar of Trog.
  3028 | D:4      | Reached skill level 1 in Invocations
  3028 | D:4      | Reached XP level 7. HP: 50/53 MP: 8/8
  3045 | D:4      | Reached skill level 5 in Crossbows
  3090 | D:4      | Reached * piety under Okawaru
  3197 | D:4      | Noticed Menkaure
  3209 | D:4      | HP: 1/53 [Menkaure/nerve-wracking pain (13)]
  3214 | D:5      | Entered Level 5 of the Dungeon
  3215 | D:5      | HP: 1/53 [worker ant (6)]
  3216 | D:5      | Succumbed to a worker ant's poison

Skill      XL: |  1  2  3  4  5  6  7 |
---------------+----------------------+-----
Armour         | 1 2 3 |  3.5
Crossbows      | 3 4 5 |  5.3
Fighting       | 2 3 |  3.9
Invocations    | 1 |  1.7
Dodging        | |  1.7
Spellcasting   | |  1.1
Hexes          | |  3.6

Action                   |  1- 3 |  4- 6 |  7- 9 || total
-------------------------+-------+-------+-------++-------
Melee: Mace              |       |    10 |       ||    10
 Fire: Hand crossbow     |    80 |   134 |    29 ||   243
 Abil: Dig               |       |     1 |     1 ||     2
  Use: Scroll            |       |     5 |       ||     5
       Potion            |       |     1 |     1 ||     2
  Eat: Chunk             |     1 |     6 |       ||     7
Armor: Robe              |     4 |       |       ||     4
       Leather armour    |    10 |       |       ||    10
       Ring mail         |     2 |    27 |       ||    29
       Chain mail        |       |    21 |     5 ||    26
Dodge: Dodged            |    25 |    57 |     5 ||    87
Block: Other             |     8 |    25 |     3 ||    36
       Reflection        |       |     5 |       ||     5

Table legend:
 A = Turns spent in this place as a percentage of turns spent in the entire game.
 B = Non-inter-level travel turns spent in this place as a percentage of non-inter-level travel turns spent in the entire game.
 C = Inter-level travel turns spent in this place as a percentage of turns spent in this place.
 D = Turns resting spent in this place as a percentage of non-inter-level travel turns spent in this place.
 E = Turns spent auto-exploring this place as a percentage of non-inter-level travel turns spent in this place.
 F = Non-inter-level travel turns spent in this place divided by the number of levels of this place that you've seen.
                   A       B       C       D       E      F
               +-------+-------+-------+-------+-------+----------------------
         Total | 100.0 | 100.0 |   1.1 |   3.1 |  23.0 | 127.0
       Dungeon | 100.0 | 100.0 |   1.1 |   3.1 |  23.0 | 127.0
               +-------+-------+-------+-------+-------+----------------------

Table legend:
 A = Kills in this place as a percentage of kills in entire the game.
 B = Kills by you in this place as a percentage of kills by you in the entire game.
 C = Kills by friends in this place as a percentage of kills by friends in the entire game.
 D = Other kills in this place as a percentage of other kills in the entire game.
 E = Experience gained in this place as a percentage of experience gained in the entire game.
 F = Experience gained in this place divided by the number of levels of this place that you have seen.
                   A       B       C       D       E      F
               +-------+-------+-------+-------+-------+----------------------
         Total | 100.0 | 100.0 |  -nan | 100.0 | 100.0 | 141.6
       Dungeon | 100.0 | 100.0 |  -nan | 100.0 | 100.0 | 141.6
               +-------+-------+-------+-------+-------+----------------------

Vault maps used:
D:1:      dpeg_arrival_pits
D:3:      grunt_temple_overflow_diamond, fedhas_altar_1, ecumenical_altar_1
D:4:      uniq_menkaure
D:5:      lemuel_crystal_altar, first_bread, serial_bayou_lagoon_a
